Map: Kairos Junction LE

Players

GogojOey - Winner!

  • Race: Zerg Zerg
  • Spawn Location: 11:00

Minatoeh (Minato)

  • Race: Zerg Zerg
  • Spawn Location: 5:00

Event: 2019 WCS Spring

VOD

Have the link to the VOD?

Description

Time

  • Played on: May 17, 2019, 10:45 a.m.
  • Length: 11:48

All games in this series

Show
View Real Time Build Order
Export as new Build Order

GogojOey Zerg - Winner!

Build Orders: Hatch First 

Get SALT Encoding   

  12  0:00  Drone  
  13  0:12  Overlord  
  13  0:16  Drone  
  14  0:31  Drone x2  
  14  0:34  Drone  
  17  0:52  Hatchery  
  17  0:55  Drone  
  17  0:57  Drone  
  18  1:09  Extractor  
  17  1:13  Spawning Pool  
  17  1:16  Drone  
  17  1:19  Drone  
  18  1:28  Drone  
  19  1:39  Overlord  
  19  1:49  Drone  
  20  1:59  Queen  
  20  2:00  Zergling x2  
  23  2:03  Queen  
  23  2:04  Zergling x2  
  26  2:09  Metabolic Boost  
  26  2:11  Zergling x2  
  26  2:15  Drone  
  28  2:24  Drone  
  28  2:26  Drone  
  30  2:34  Drone  
  30  2:37  Drone  
  31  2:47  Drone  
  31  2:48  Baneling Nest  
  31  2:50  Drone  
  32  2:53  Overlord  
  32  2:59  Drone  
  32  3:07  Drone  
  32  3:09  Drone  
  32  3:12  Hatchery  
  33  3:16  Drone  
  33  3:17  Drone x2  
  33  3:18  Drone  
  37  3:24  Drone x2  
  39  3:30  Evolution Chamber  
  39  3:32  Drone  
  39  3:33  Drone  
  40  3:37  Zergling x2  
  40  3:44  Drone x2  
  40  3:45  Roach Warren  
  40  3:50  Overlord  
  40  3:52  Extractor x2, Drone  
  39  3:56  Lair  
  39  4:01  Zerg Missile Weapons Level 1  
  40  4:02  Drone  
  40  4:05  Drone x2  
  42  4:15  Overlord  
  41  4:18  Queen  
  41  4:21  Drone  
  41  4:22  Drone x4  
  48  4:24  Drone  
  48  4:27  Drone  
  48  4:30  Roach  
  52  4:31  Drone  
  53  4:41  Overlord  
  53  4:42  Drone x3  
  56  4:46  Roach x2  
  56  4:52  Roach x2  
  64  4:56  Overlord  
  64  4:59  Overlord  
  64  5:01  Overseer  
  64  5:02  Overseer  
  64  5:03  Glial Reconstitution  
  64  5:05  Roach  
  66  5:08  Roach  
  66  5:10  Drone  
  66  5:11  Drone  
  66  5:12  Roach  
  72  5:15  Roach  
  72  5:18  Roach x2  
  78  5:22  Drone x2  
  80  5:28  Overlord  
  80  5:30  Roach x3  
  80  5:34  Overlord  
  86  5:36  Roach x2  
  86  5:40  Overlord  
  86  5:42  Overseer  
  90  5:46  Overlord  
  90  5:48  Roach x2  
  94  5:52  Overlord  
  94  5:55  Overlord  
  94  5:58  Drone x4  
  94  6:01  Overseer  
  94  6:02  Extractor  
  97  6:05  Roach x2  
  97  6:08  Zerg Missile Weapons Level 2  
  102  6:11  Drone  
  102  6:12  Roach x3, Evolution Chamber  
  102  6:15  Roach  
  109  6:21  Drone x3  
  109  6:24  Roach x2  
  116  6:28  Roach  
  116  6:31  Roach x3  
  124  6:34  Roach  
  124  6:35  Roach x2  
  130  6:44  Overlord x2  
  130  6:48  Overlord  
  130  6:54  Overlord x2  
  130  7:00  Overlord  
  130  7:01  Overlord  
  126  7:02  Queen  
  126  7:07  Roach x6  
  140  7:15  Zerg Ground Armor Level 1  
  132  7:18  Roach x5  
  132  7:21  Roach  
  144  7:27  Drone x3  
  144  7:28  Drone  
  144  7:29  Roach  
  150  7:30  Extractor  
  149  7:43  Roach x5  
  159  7:44  Overlord  
  159  7:50  Overlord x2  
  154  8:00  Ravager  
  153  8:07  Roach x7  
  153  8:08  Queen  
  169  8:13  Roach  
  169  8:17  Roach  
  171  8:21  Roach x4  
  171  8:24  Queen  
  183  8:27  Roach  
  183  8:31  Roach x2  
  189  8:34  Ravager x2  
  189  8:35  Ravager  
  189  8:37  Roach x2  
  189  8:39  Hatchery  
  193  8:44  Overlord x2  
  193  8:52  Overlord  
  193  9:00  Queen  
  191  9:03  Roach x4  
  193  9:26  Zerg Ground Armor Level 2  
  193  9:32  Roach x2  
  193  9:33  Roach  
  193  9:34  Overlord  
  193  9:37  Spire  
  198  9:39  Extractor  
  175  10:02  Drone x2  
  175  10:03  Roach x9  
  175  10:04  Roach x3  
  195  10:10  Roach  
  195  10:11  Roach  
  195  10:12  Roach x2, Queen  
  187  10:14  Roach  
  187  10:15  Roach x4  
  197  10:23  Roach  
  182  10:55  Mutalisk x8  
  184  11:02  Roach  
  184  11:03  Roach x5  
  190  11:11  Spine Crawler x2  
  181  11:12  Spine Crawler  
  181  11:13  Roach x4  
  181  11:17  Roach x2  
  181  11:18  Roach x3  
Show
View Real Time Build Order
Export as new Build Order

Minatoeh Zerg 

Build Orders: Pool First 

Get SALT Encoding   

  12  0:01  Drone  
  13  0:12  Overlord  
  13  0:16  Drone  
  14  0:30  Drone x2  
  16  0:40  Spawning Pool  
  15  0:44  Drone  
  15  0:48  Drone  
  17  1:09  Hatchery  
  16  1:12  Drone  
  16  1:16  Extractor  
  16  1:27  Zergling x2  
  16  1:28  Zergling x4  
  16  1:32  Queen  
  19  1:39  Overlord  
  21  1:49  Drone  
  22  2:00  Drone  
  23  2:08  Queen  
  23  2:11  Drone  
  26  2:22  Queen  
  26  2:24  Drone  
  26  2:25  Drone  
  30  2:32  Drone  
  30  2:35  Drone  
  31  2:40  Drone  
  31  2:43  Drone x3  
  35  2:47  Drone  
  36  2:56  Lair  
  36  2:59  Evolution Chamber  
  35  3:10  Overlord x2, Drone  
  36  3:19  Roach Warren  
  35  3:23  Drone  
  35  3:25  Zerg Missile Weapons Level 1  
  36  3:29  Drone x3  
  36  3:32  Extractor  
  36  3:33  Extractor  
  37  3:35  Drone  
  37  3:37  Drone  
  37  3:41  Drone x2  
  41  3:44  Drone  
  41  3:46  Drone  
  43  3:49  Drone  
  44  3:57  Overlord x2  
  44  4:00  Drone x2  
  46  4:06  Drone x2  
  48  4:10  Glial Reconstitution  
  48  4:15  Drone x3  
  50  4:28  Overseer  
  50  4:31  Hatchery  
  50  4:33  Roach  
  50  4:35  Roach  
  53  4:39  Roach  
  53  4:40  Roach  
  53  4:44  Overlord  
  57  4:52  Overlord  
  57  5:02  Ravager x4  
  57  5:06  Roach x6  
  73  5:08  Roach  
  73  5:11  Roach  
  73  5:13  Drone  
  78  5:14  Drone  
  78  5:15  Drone  
  78  5:19  Drone  
  78  5:20  Drone  
  82  5:25  Drone x2  
  84  5:37  Overlord x3  
  84  5:49  Zerg Missile Weapons Level 2  
  84  5:51  Drone x6  
  90  5:57  Roach  
  90  5:58  Roach x2  
  96  6:06  Roach x3  
  102  6:16  Roach x5  
  112  6:22  Overlord  
  112  6:27  Roach  
  112  6:30  Overlord x3  
  114  6:42  Roach x4  
  121  6:58  Roach x10  
  135  7:12  Roach x6  
  142  7:19  Roach x2  
  144  7:25  Roach  
  144  7:27  Overlord x2  
  144  7:28  Overlord x2  
  146  7:40  Roach  
  146  7:44  Roach  
  146  7:45  Overlord x2  
  146  7:46  Overlord  
  146  7:59  Roach x4  
  146  8:03  Roach x2  
  146  8:04  Roach x2  
  156  8:06  Roach  
  156  8:07  Roach x5  
  156  8:10  Extractor  
  156  8:11  Extractor  
  156  8:12  Roach x2  
  158  8:25  Roach  
  158  8:26  Roach x3  
  158  8:27  Roach  
  168  8:36  Roach x3  
  168  8:37  Roach  
  168  8:39  Roach  
  178  8:43  Roach x2  
  178  8:48  Roach x3  
  188  8:53  Roach x2  
  192  8:58  Roach  
  190  9:03  Roach x4  
  196  9:11  Roach x3  
  196  9:16  Roach  
  200  9:23  Roach x4  
  196  9:38  Extractor  
  196  9:39  Roach x2  
  197  9:49  Roach  
  197  9:50  Roach x6  
  195  9:58  Roach x5  
  195  9:59  Roach  
  183  10:05  Roach x6  
  181  10:13  Roach x3  
  169  10:22  Roach x3  
  175  10:29  Roach  
  175  10:30  Roach x2  
  177  10:40  Roach x3  
  177  10:41  Roach x2  
  181  10:48  Roach x2  
  179  10:50  Hatchery  
  179  10:53  Pneumatized Carapace, Overseer x3  
  174  11:01  Roach x8  
  188  11:08  Roach  
  188  11:12  Roach  
  190  11:20  Roach  
Tags
 
Add a new tag
Caveats
  • Supply blocks, unpowered buildings, or Contaminate may cause inaccurate times.
  • Supply counts are checked every 10 seconds.